 Dungeon Crawl Stone Soup version 0.25-a0-1079-g858b6a6ff6 (webtiles) character file.

Game seed: 4702635029944961164, levelgen mode: deterministic

142690 Flugslaktarn the Blocker (level 17, -1/133 HPs)
             Began as a Gnoll Fighter on May 15, 2020.
             Was a High Priest of Makhleb.
             Killed by drain life
             ... invoked by a soul eater
             ... summoned by an orc high priest
              (21 damage)
             ... on level 2 of the Orcish Mines.
             The game lasted 00:13:11 (23723 turns).

Flugslaktarn the Blocker (Gnoll Fighter)           Turns: 23723, Time: 00:13:11

Health: -1/133     AC: 31    Str: 31    XL:     17   Next: 36%
Magic:  31/31      EV: 15    Int: 13    God:    Makhleb [*****.]
Gold:   1925       SH: 14    Dex: 18    Spells: 37/37 levels left

rFire    + . .     SeeInvis +   b - +9 hand axe "Xuralyr" {vorpal, Str+3 Int+2 SInv}
rCold    . . .     Gourm    .   c - +0 kite shield
rNeg     . . .     Faith    .   K - +3 plate armour {rF+}
rPois    +         Spirit   .   y - +2 helmet {SInv}
rElec    .         Reflect  .   R - +1 cloak {rPois}
rCorr    .         Harm     .   J - +2 pair of gloves
MR       +....                  M - +2 pair of boots
Stlth    ++........             (no amulet)
HPRegen  0.32/turn              A - ring of Shadows {Umbra +Inv Stlth+}
MPRegen  0.22/turn              F - +6 ring of strength

@: wreathed by umbra
A: distributed training, fangs 1, strong nose
a: Minor Destruction, Lesser Servant of Makhleb, Major Destruction, Greater
Servant of Makhleb, Renounce Religion, Evoke Invisibility


You were on level 2 of the Orcish Mines.
You worshipped Makhleb.
Makhleb was extremely pleased with you.
You were not hungry.

You visited 4 branches of the dungeon, and saw 24 of its levels.
You visited the Abyss 1 time.

You collected 2022 gold pieces.
You spent 97 gold pieces at shops.

Inventory:

Hand Weapons
 b - the +9 hand axe "Xuralyr" (weapon) {vorpal, Str+3 Int+2 SInv}
   (You found it on level 4 of the Dungeon)

   It inflicts extra damage upon your enemies.
   It affects your strength (+3).
   It affects your intelligence (+2).
   It lets you see invisible.
 o - a cursed -2 broad axe
   (You took it off Blork the orc on level 5 of the Dungeon)
Armour
 c - a +0 kite shield (worn)
 j - the +9 chain mail of Ypo Ynib {rF- rCorr Int+2}
   (You took it off an orc warrior on level 6 of the Dungeon)

   It affects your intelligence (+2).
   It makes you vulnerable to fire.
   It provides partial protection from all sources of acid and corrosion.
 y - a +2 helmet of see invisible (worn)
   (You found it on level 6 of the Dungeon)
 J - a +2 pair of gloves (worn)
   (You found it on level 6 of the Lair of Beasts)
 K - a +3 plate armour of fire resistance (worn)
   (You took it off an orc warlord on level 2 of the Orcish Mines)
 M - a +2 pair of boots (worn)
   (You found it on level 4 of the Lair of Beasts)
 R - a +1 cloak of poison resistance (worn)
   (You found it on level 14 of the Dungeon)
Jewellery
 i - an uncursed ring of see invisible
   (You found it on level 5 of the Dungeon)
 A - the ring of Shadows (left hand) {Umbra +Inv Stlth+}
   (You found it on level 7 of the Dungeon)

   [ring of stealth]

   It lets you turn invisible.
   It makes you more stealthy.
 C - a +6 ring of dexterity
   (You found it on level 6 of the Lair of Beasts)
 F - a +6 ring of strength (right hand)
   (You found it on level 12 of the Dungeon)
Wands
 p - a wand of enslavement (22)
   (You found it on level 3 of the Dungeon)
 v - a wand of digging (12)
   (You found it on level 10 of the Dungeon)
Scrolls
 k - a scroll of silence
 n - 5 scrolls of fog
 r - 3 scrolls of identify
 s - a scroll of fear
 t - 2 scrolls of teleportation
 u - a scroll of magic mapping
 x - 11 scrolls of remove curse
 z - 2 scrolls of blinking
 D - 4 scrolls of enchant armour
 E - 3 scrolls of immolation
 G - 7 scrolls of enchant weapon
 L - 2 scrolls of vulnerability
Potions
 a - a potion of magic
 d - 4 potions of might
 g - 6 potions of lignification
 h - 4 potions of haste
 l - 2 potions of flight
 m - 4 potions of brilliance
 q - 7 potions of curing
 w - 2 potions of heal wounds
 H - 3 potions of invisibility
 I - 2 potions of ambrosia
 P - a potion of resistance {unknown}
Comestibles
 e - 34 rations
 B - 16 chunks of flesh


   Skills:
 + Level 12.2 Fighting
 + Level 10.6 Short Blades
 + Level 10.6 Long Blades
 + Level 11.5 Axes
 + Level 10.6 Maces & Flails
 + Level 10.6 Polearms
 + Level 10.6 Staves
 + Level 10.6 Slings
 + Level 10.6 Bows
 + Level 10.6 Crossbows
 + Level 10.6 Throwing
 + Level 12.2 Armour
 + Level 10.6 Dodging
 + Level 10.6 Stealth
 + Level 12.2 Shields
 + Level 10.6 Unarmed Combat
 + Level 10.6 Spellcasting
 + Level 9.0 Conjurations
 + Level 9.0 Hexes
 + Level 9.0 Charms
 + Level 9.0 Summonings
 + Level 9.0 Necromancy
 + Level 9.0 Translocations
 + Level 9.0 Transmutations
 + Level 9.0 Fire Magic
 + Level 9.0 Ice Magic
 + Level 9.0 Air Magic
 + Level 9.0 Earth Magic
 + Level 9.0 Poison Magic
 + Level 11.5 Invocations
 + Level 10.6 Evocations


You had 37 spell levels left.
You didn't know any spells.
Your spell library was empty.

Dungeon Overview and Level Annotations

Branches:
Dungeon (15/15)            Temple (1/1) D:7            Lair (6/6) D:8
 Shoals (0/4) Lair:4       Spider (0/4) Lair:4        Slime (0/5) Lair:6
    Orc (2/2) D:10            Elf (0/3) Orc:2        Vaults (0/5) D:14
 Depths (0/5) D:15

Altars:
Cheibriados
Dithmenos
Fedhas
Gozag
Kikubaaqudgha
Makhleb
Nemelex Xobeh
Trog
Vehumet
Xom
Zin
The Shining One
Beogh
Jiyva

Shops:
D:7 *   Orc:1 [

Annotations:
Lair:2 Suoleg's ghost, journeyman FoFi


Innate Abilities, Weirdness & Mutations

Your experience applies equally to all skills.
You have very sharp teeth.
Your uncanny sense of smell can sniff out nearby items.


Message History

As you read the scroll of fear, it crumbles to dust.
You assume a fearsome visage.
The orc priest looks frightened!
The orc high priest looks frightened!
The orc priest looks frightened!
The orc looks frightened!
The orc high priest resists with almost no effort.
The orc looks frightened! x2; The sun demon is unaffected. x2
The warg looks frightened!
The soul eater is unaffected.
The orc high priest looks frightened!
The orc looks frightened! x2
The orc priest looks frightened!
The orc looks frightened!
The warg looks frightened!
The orc begs for mercy.
Unknown command.
Unknown command.
The orc priest yells, "Help!"; The orc high priest wails, "Help!"
You see here a warg corpse.
Cornered, the warg turns to fight!
Evoke which item? (* to show all) (? for menu, Esc to quit)
Okay, then.
The soul eater draws from the surrounding life force!
You die...

#.. #..# ##..# ###...#
###.....# # #.......#
.###o
........###+##3o....
....##....@..†3o3..⌠oo
#.........###+##h4..o.
##........#


oo.o. ###...#.#...# ###. #..#........# ............######. ...................
#............... #.......######## You could see a soul eater (summoned, inner
flame), 2 sun demons, an orange demon (summoned), a warg (inner flame), an orc
priest (inner flame) and an orc.

Vanquished Creatures
  Gastronok (D:11)
  Agnes (D:15)
  2 orc warlords
  Azrael (D:13)
  A dire elephant (Lair:6)
  A death ooze (Lair:2)
  A catoblepas (Lair:6)
  12 two-headed ogres
  A centaur warrior (D:15)
  A death knight (D:13)
  12 death yaks (Lair:6)
  4 ogre magi
  An orc high priest (Orc:2)
  A deep troll shaman (Lair:6)
  A deep elf knight (D:14)
  3 wizards
  2 skeletal warriors
  An unseen horror (D:15)
  A phantasmal warrior (D:14)
  5 ugly things (D:15)
  5 manticores
  3 deep elf magi
  4 cyclopes
  An orc sorcerer (Orc:2)
  8 elephants (Lair:6)
  2 merfolk sirens (Lair:4)
  3 black mambas
  8 spiny frogs
  A naga mage (D:15)
  A gargoyle (D:15)
  5 kobold demonologists
  5 komodo dragons
  3 rime drakes
  2 freezing wraiths
  3 yaktaurs (D:14)
  A merfolk (shapeshifter) (D:15)
  5 trolls
  A harpy skeleton (D:14)
  A polar bear (Lair:6)
  9 meliai
  A hornet (D:12)
  10 blink frogs
  15 slime creatures
  8 hippogriffs
  6 dream sheep (Lair:5)
  2 redbacks (Lair:4)
  2 wyverns
  A human (D:7)
  8 wraiths
  4 basilisks
  4 hogs (D:7)
  41 yaks
  3 fire elementals (D:13)
  A redback simulacrum (D:15)
  A steam dragon (D:11)
  3 hungry ghosts
  An acid dragon (D:14)
  8 vampire mosquitoes
  13 water moccasins
  8 wargs
  2 soldier ants
  Duvessa (D:5)
  3 porcupines
  3 hell hounds (D:13)
  3 sky beasts
  15 orc warriors
  3 phantoms
  2 black bears
  4 ice beasts
  20 ogres
  17 wolves
  The ghost of kelthazard45 the Chopper, an amateur DsGl of Dithmenos (D:6)
  15 centaurs
  9 crocodiles
  4 big kobolds
  Blork the orc (D:5)
  8 bullfrogs
  A gnoll sergeant (D:9)
  A wyvern skeleton (D:14)
  Dowan (D:5)
  3 troll zombies (D:10)
  A scorpion (D:6)
  21 wights
  4 electric eels
  7 howler monkeys
  3 crimson imps
  8 hounds
  2 bullfrog zombies
  4 jellies
  18 orc wizards
  A quasit (D:14)
  13 orc priests
  A centaur zombie (D:8)
  A gnoll shaman (D:5)
  7 centaur skeletons
  3 iguanas
  Natasha (thrice) (D:2)
  17 worker ants
  3 hell rats (Lair:5)
  5 ogre zombies (D:10)
  3 hound skeletons
  3 worker ant zombies
  12 adders
  11 gnolls
  3 river rats (Lair:5)
  3 shadow imps
  A worm (D:3)
  2 dart slugs (D:4)
  3 leopard geckos
  64 orcs
  9 bats
  3 giant cockroaches
  7 goblins
  10 hobgoblins
  5 jackals
  28 kobolds
  5 quokkas
  2 ball pythons (D:1)
  18 frilled lizards
  A giant cockroach zombie (D:5)
  A goblin zombie (D:10)
  A hobgoblin skeleton (D:10)
  4 hobgoblin zombies (D:10)
  3 orc skeletons (D:10)
  16 orc zombies (D:10)
  A quokka skeleton (D:7)
  9 rats
  4 plants
735 creatures vanquished.

Vanquished Creatures (collateral kills)
  3 hydras
  A death knight (D:14)
  A komodo dragon (Lair:6)
  A warg (Orc:2)
  5 orc warriors (Orc:2)
  An ogre (Orc:2)
  2 orc wizards (Orc:2)
  An orc (Orc:2)
15 creatures vanquished.

Vanquished Creatures (others)
  A wizard (D:15)
  A yak (D:11)
  A sky beast (D:11)
  9 bushes (Lair:6)
  14 plants (Lair:6)
26 creatures vanquished.

Grand Total: 776 creatures vanquished

Notes
Turn   | Place    | Note
-------+----------+-------------------------------------------
     0 | D:1      | Flugslaktarn the Gnoll Fighter began the quest for the Orb.
     0 | D:1      | Reached XP level 1. HP: 23/23 MP: 1/1
   107 | D:1      | Reached XP level 2. HP: 26/29 MP: 2/2
   402 | D:1      | Reached XP level 3. HP: 32/35 MP: 3/3
   837 | D:2      | Reached skill level 1 in Invocations
   869 | D:2      | Reached skill level 1 in Short Blades
   869 | D:2      | Reached skill level 1 in Long Blades
   869 | D:2      | Reached skill level 1 in Maces & Flails
   869 | D:2      | Reached skill level 1 in Polearms
   869 | D:2      | Reached skill level 1 in Staves
   869 | D:2      | Reached skill level 1 in Slings
   869 | D:2      | Reached skill level 1 in Bows
   869 | D:2      | Reached skill level 1 in Crossbows
   869 | D:2      | Reached skill level 1 in Throwing
   869 | D:2      | Reached skill level 1 in Dodging
   869 | D:2      | Reached skill level 1 in Stealth
   869 | D:2      | Reached skill level 1 in Unarmed Combat
   869 | D:2      | Reached skill level 1 in Spellcasting
   869 | D:2      | Reached skill level 1 in Evocations
   869 | D:2      | Reached XP level 4. HP: 37/41 MP: 5/5
   936 | D:2      | Noticed Natasha
   943 | D:2      | Killed Natasha
  1092 | D:2      | Noticed Natasha
  1097 | D:2      | Killed Natasha
  1097 | D:2      | Reached skill level 1 in Conjurations
  1097 | D:2      | Reached skill level 1 in Hexes
  1097 | D:2      | Reached skill level 1 in Charms
  1097 | D:2      | Reached skill level 1 in Summonings
  1097 | D:2      | Reached skill level 1 in Necromancy
  1097 | D:2      | Reached skill level 1 in Translocations
  1097 | D:2      | Reached skill level 1 in Transmutations
  1097 | D:2      | Reached skill level 1 in Fire Magic
  1097 | D:2      | Reached skill level 1 in Ice Magic
  1097 | D:2      | Reached skill level 1 in Air Magic
  1097 | D:2      | Reached skill level 1 in Earth Magic
  1097 | D:2      | Reached skill level 1 in Poison Magic
  1213 | D:2      | Noticed Natasha
  1222 | D:2      | Killed Natasha
  1222 | D:2      | Reached XP level 5. HP: 29/47 MP: 5/7
  1833 | D:3      | Reached XP level 6. HP: 38/53 MP: 8/8
  2854 | D:4      | Reached skill level 5 in Axes
  3432 | D:4      | Got a blackened hand axe
  3433 | D:4      | Identified the +9 hand axe "Xuralyr" {vorpal, Str+3 Int+2
                  | SInv} (You found it on level 4 of the Dungeon)
  3755 | D:5      | Entered Level 5 of the Dungeon
  3877 | D:5      | Noticed an ice beast
  3881 | D:5      | Killed an ice beast
  3881 | D:5      | Reached XP level 7. HP: 59/59 MP: 10/10
  4342 | D:5      | Noticed Blork the orc
  4351 | D:5      | Killed Blork the orc
  4351 | D:5      | Reached XP level 8. HP: 67/67 MP: 12/12
  4397 | D:5      | Noticed Duvessa
  4398 | D:5      | Noticed Dowan
  4408 | D:5      | Killed Dowan
  4413 | D:5      | Killed Duvessa
  5162 | D:6      | Found a runed translucent gate.
  5186 | D:6      | Found a runed translucent gate.
  5186 | D:6      | Found a runed translucent gate.
  5186 | D:6      | Noticed kelthazard45's ghost (amateur DsGl)
  5186 | D:6      | Identified the +3 great sword of Mayhem {vorpal, Fragile
                  | rElec MR++ Stlth+}
  5186 | D:6      | Identified the +9 chain mail of Ypo Ynib {rF- rCorr Int+2}
  5367 | D:6      | Reached XP level 9. HP: 72/72 MP: 14/14
  5638 | D:6      | Found a roughly hewn altar of Beogh.
  5723 | D:6      | Killed kelthazard45's ghost
  6075 | D:7      | Found the ring of Shadows {Umbra +Inv Stlth+}
  6099 | D:7      | Found Orphariu's General Store.
  6102 | D:7      | Bought a scroll of enchant weapon for 97 gold pieces
  6251 | D:7      | Found a staircase to the Ecumenical Temple.
  6263 | Temple   | Entered the Ecumenical Temple
  6291 | Temple   | Became a worshipper of Makhleb the Destroyer
  6514 | D:7      | Reached skill level 5 in Invocations
  6821 | D:8      | Found a staircase to the Lair.
  6976 | D:8      | Reached XP level 10. HP: 80/80 MP: 17/17
  7009 | D:8      | Reached * piety under Makhleb
  7156 | D:8      | Found a radiant altar of Vehumet.
  7500 | D:9      | Reached skill level 5 in Short Blades
  7500 | D:9      | Reached skill level 5 in Long Blades
  7500 | D:9      | Reached skill level 5 in Maces & Flails
  7500 | D:9      | Reached skill level 5 in Polearms
  7500 | D:9      | Reached skill level 5 in Staves
  7500 | D:9      | Reached skill level 5 in Slings
  7500 | D:9      | Reached skill level 5 in Bows
  7500 | D:9      | Reached skill level 5 in Crossbows
  7500 | D:9      | Reached skill level 5 in Throwing
  7500 | D:9      | Reached skill level 5 in Dodging
  7500 | D:9      | Reached skill level 5 in Stealth
  7500 | D:9      | Reached skill level 5 in Unarmed Combat
  7500 | D:9      | Reached skill level 5 in Spellcasting
  7500 | D:9      | Reached skill level 5 in Evocations
  7764 | D:9      | Reached ** piety under Makhleb
  7950 | D:9      | Noticed a manticore
  7958 | D:9      | Killed a manticore
  8421 | D:10     | Entered Level 10 of the Dungeon
  8429 | D:10     | Reached XP level 11. HP: 84/87 MP: 19/19
  8884 | D:10     | Reached *** piety under Makhleb
  8950 | D:10     | Found a staircase to the Orcish Mines.
  9110 | D:10     | Reached **** piety under Makhleb
  9363 | D:10     | Reached skill level 5 in Conjurations
  9363 | D:10     | Reached skill level 5 in Hexes
  9363 | D:10     | Reached skill level 5 in Charms
  9363 | D:10     | Reached skill level 5 in Summonings
  9363 | D:10     | Reached skill level 5 in Necromancy
  9363 | D:10     | Reached skill level 5 in Translocations
  9363 | D:10     | Reached skill level 5 in Transmutations
  9363 | D:10     | Reached skill level 5 in Fire Magic
  9363 | D:10     | Reached skill level 5 in Ice Magic
  9363 | D:10     | Reached skill level 5 in Air Magic
  9363 | D:10     | Reached skill level 5 in Earth Magic
  9363 | D:10     | Reached skill level 5 in Poison Magic
  9517 | Lair:1   | Entered Level 1 of the Lair of Beasts
 11393 | Lair:2   | Reached XP level 12. HP: 96/96 MP: 22/22
 11676 | Lair:2   | Found a runed translucent gate.
 11676 | Lair:2   | Found a runed translucent gate.
 11676 | Lair:2   | Found a runed translucent gate.
 11677 | Lair:2   | Noticed a death ooze
 11680 | Lair:2   | Noticed Suoleg's ghost (journeyman FoFi)
 11733 | Lair:2   | Got a spiked helmet
 11744 | Lair:2   | Identified the +1 helmet "Ysanaush" {-Cast *Corrode Int+9
                  | Dex+4} (You found it on level 2 of the Lair of Beasts)
 12161 | Lair:2   | Found a viscous altar of Jiyva.
 12369 | Lair:2   | Killed a death ooze
 13066 | Lair:3   | Reached ***** piety under Makhleb
 13566 | Lair:4   | Found the +6 Majin-Bo {vamp, Archmagi MP+6 Int+6}
 13947 | Lair:4   | Found a staircase to the Shoals.
 14105 | Lair:4   | Found a hole to the Spider Nest.
 14298 | Lair:5   | Reached skill level 10 in Fighting
 14298 | Lair:5   | Reached skill level 10 in Armour
 14298 | Lair:5   | Reached skill level 10 in Shields
 14467 | Lair:5   | You fall into a shaft and drop 1 floor!
 14467 | Lair:6   | Entered Level 6 of the Lair of Beasts
 14480 | Lair:6   | Noticed a five-headed hydra
 14493 | Lair:6   | Killed a seven-headed hydra
 14496 | Lair:6   | Reached XP level 13. HP: 102/102 MP: 24/24
 15697 | Lair:6   | Found a viscous altar of Jiyva.
 15697 | Lair:6   | Found a staircase to the Slime Pits.
 16196 | Lair:6   | Reached skill level 10 in Axes
 16196 | Lair:6   | Reached XP level 14. HP: 110/110 MP: 26/26
 16197 | Lair:6   | Reached XP level 15. HP: 117/117 MP: 26/28
 16404 | Lair:6   | Reached skill level 10 in Invocations
 16650 | Lair:6   | Reached XP level 16. HP: 124/124 MP: 29/29
 16887 | Lair:6   | Got a fine bronze amulet
 17276 | Lair:6   | Identified the amulet "Qajucini" {Inacc rN+ Str+7} (You
                  | found it on level 6 of the Lair of Beasts)
 17763 | D:11     | Noticed Gastronok
 17783 | D:11     | Killed Gastronok
 17924 | D:11     | You fall into a shaft and drop 2 floors!
 17925 | D:13     | Noticed Azrael
 17955 | D:13     | Killed Azrael
 18717 | D:12     | Reached ****** piety under Makhleb
 20549 | D:14     | Reached skill level 10 in Short Blades
 20549 | D:14     | Reached skill level 10 in Long Blades
 20549 | D:14     | Reached skill level 10 in Maces & Flails
 20549 | D:14     | Reached skill level 10 in Polearms
 20549 | D:14     | Reached skill level 10 in Staves
 20549 | D:14     | Reached skill level 10 in Slings
 20549 | D:14     | Reached skill level 10 in Bows
 20549 | D:14     | Reached skill level 10 in Crossbows
 20549 | D:14     | Reached skill level 10 in Throwing
 20549 | D:14     | Reached skill level 10 in Dodging
 20549 | D:14     | Reached skill level 10 in Stealth
 20549 | D:14     | Reached skill level 10 in Unarmed Combat
 20549 | D:14     | Reached skill level 10 in Spellcasting
 20549 | D:14     | Reached skill level 10 in Evocations
 20614 | D:14     | Found a gate to the Vaults.
 20988 | D:15     | Entered Level 15 of the Dungeon
 21523 | D:15     | Noticed Agnes
 21541 | D:15     | Killed Agnes
 21623 | D:15     | Reached XP level 17. HP: 120/133 MP: 31/31
 21936 | D:15     | Found a blossoming altar of Fedhas.
 22071 | D:15     | Cast into level 2 of the Abyss (a wizard)
 22071 | Abyss:2  | Found a corrupted altar of Lugonu.
 22075 | D:15     | Escaped the Abyss
 22122 | D:15     | Found a staircase to the Depths.
 22400 | Orc:1    | Entered Level 1 of the Orcish Mines
 22877 | Orc:1    | Found Wimizil's Antique Armour Shop.
 23301 | Orc:2    | Entered Level 2 of the Orcish Mines
 23327 | Orc:2    | Found a staircase to the Elven Halls.
 23723 | Orc:2    | Killed from afar by a soul eater

Illustrated notes

Levels and vault maps discovered:
D:1:      roderic_chinese_lattice_arrival, layout_rooms, amethyst_killhole,
          minmay_splitting_lines, hangedman_abyss_or_decor_stabs,
          chequers_serial_rivers_micro_e, minmay_stone_trees_large,
          minmay_lizard_pond
D:2:      layout_rooms, uniq_natasha
D:3:      wad_woods_pond, layout_basic
D:4:      layout_basic, minmay_misc_feat_plants, hangedman_minor_gate_pass
D:5:      layout_basic, first_ration, kennysheep_donut, uniq_blork_the_orc,
          uniq_duvessa
D:6:      layout_loops_cross, biasface_ghost_orc_armoury,
          kennysheep_generic_room_12
D:7:      layout_loops_cross, minmay_temple_entry_mini_moons, serial_shops,
          shop, grunt_livestock
D:8:      layout_loops_ring, lemuel_doored_altar, lair_entry_dummy
D:9:      layout_irregular_city, kennysheep_kite_vault
D:10:     layout_basic, zombieorc2_lemuel
D:11:     layout_cross, chequers_jeans, uniq_gastronok
D:12:     layout_gridville
D:13:     layout_cave_pools, uniq_azrael
D:14:     layout_small_grid, hangedman_vaults_entry_quadrant_bands,
          infiniplex_staircase_pillars_3b
D:15:     grunt_enter_depths_magical_seal, layout_irregular_city, minivault_11,
          fedhas_altar_2, uniq_agnes
Temple:   compressed_dpeg_circular_temple
Lair:1:   layout_layer_cave, grunt_megastairs_4
Lair:2:   layout_layer_cave, gammafunk_ghost_ooze
Lair:3:   layout_roguey, grunt_megastairs_5
Lair:4:   layout_layer_cave, elwin_shoals_entry_rooms, spider_nest_entry_webs,
          eino_small_chamber_without_monster
Lair:5:   layout_long_grid, kennysheep_abandoned_house, lemuel_fruit_fields,
          serial_bayou_shore_b, infiniplex_staircase_pool, grunt_megastairs_3
Lair:6:   grunt_lair_end_beastmaster, layout_hall_layers, slime_altar_1,
          serial_forest, infiniplex_forest_end_double, infiniplex_forest_3_way,
          infiniplex_forest_lined_ring, infiniplex_forest_end_2,
          infiniplex_forest_end_1, infiniplex_forest_lined_3_way,
          infiniplex_forest_lined_ring, infiniplex_forest_corner_1,
          serial_bayou_pond_d, nicolae_quartered_pool_super
Orc:1:    layout_caves, serial_shops, shop
Orc:2:    st_orc_town, layout_diamond_mine

Skill      XL: |  1  2  3  4  5  6  7  8  9 10 11 12 13 14 15 16 17 |
---------------+----------------------------------------------------+-----
Invocations    | 1 2 3 4 5 6 7 8 9 10 11 | 11.5
Short Blades   | 1 2 3 4 5 6 7 8 9 10 | 10.6
Long Blades    | 1 2 3 4 5 6 7 8 9 10 | 10.6
Maces & Flails | 1 2 3 4 5 6 7 8 9 10 | 10.6
Polearms       | 1 2 3 4 5 6 7 8 9 10 | 10.6
Staves         | 1 2 3 4 5 6 7 8 9 10 | 10.6
Slings         | 1 2 3 4 5 6 7 8 9 10 | 10.6
Bows           | 1 2 3 4 5 6 7 8 9 10 | 10.6
Crossbows      | 1 2 3 4 5 6 7 8 9 10 | 10.6
Throwing       | 1 2 3 4 5 6 7 8 9 10 | 10.6
Dodging        | 1 2 3 4 5 6 7 8 9 10 | 10.6
Stealth        | 1 2 3 4 5 6 7 8 9 10 | 10.6
Unarmed Combat | 1 2 3 4 5 6 7 8 9 10 | 10.6
Spellcasting   | 1 2 3 4 5 6 7 8 9 10 | 10.6
Evocations     | 1 2 3 4 5 6 7 8 9 10 | 10.6
Conjurations   | 1 2 3 4 5 6 7 8 9 |  9.0
Hexes          | 1 2 3 4 5 6 7 8 9 |  9.0
Charms         | 1 2 3 4 5 6 7 8 9 |  9.0
Summonings     | 1 2 3 4 5 6 7 8 9 |  9.0
Necromancy     | 1 2 3 4 5 6 7 8 9 |  9.0
Translocations | 1 2 3 4 5 6 7 8 9 |  9.0
Transmutations | 1 2 3 4 5 6 7 8 9 |  9.0
Fire Magic     | 1 2 3 4 5 6 7 8 9 |  9.0
Ice Magic      | 1 2 3 4 5 6 7 8 9 |  9.0
Air Magic      | 1 2 3 4 5 6 7 8 9 |  9.0
Earth Magic    | 1 2 3 4 5 6 7 8 9 |  9.0
Poison Magic   | 1 2 3 4 5 6 7 8 9 |  9.0
Axes           | 5 6 7 8 9 10 11 | 11.5
Fighting       | 7 8 9 10 11 12 | 12.2
Armour         | 7 8 9 10 11 12 | 12.2
Shields        | 7 8 9 10 11 12 | 12.2

Action                   |  1- 3 |  4- 6 |  7- 9 | 10-12 | 13-15 | 16-18 || total
-------------------------+-------+-------+-------+-------+-------+-------++-------
Melee: War axe           |   101 |   192 |       |       |       |       ||   293
       Bite              |     9 |    21 |    34 |   110 |    97 |   214 ||   485
       Hand axe          |       |     9 |   236 |   674 |   361 |   956 ||  2236
Invok: Lesser Servant of |       |       |       |     2 |     7 |    16 ||    25
       Greater Servant o |       |       |       |       |       |     1 ||     1
  Use: Scroll            |       |    10 |       |     9 |     8 |     7 ||    34
       Potion            |       |       |       |       |     3 |     4 ||     7
 Stab: Distracted        |       |       |       |     2 |     3 |     2 ||     7
       Sleeping          |       |       |       |     2 |     3 |     6 ||    11
       Petrified         |       |       |       |       |     9 |       ||     9
       Petrifying        |       |       |       |       |     1 |       ||     1
  Eat: Chunk             |       |     9 |     7 |    14 |     7 |    10 ||    47
       Ration            |       |     1 |       |     4 |       |     4 ||     9
Armor: Scale mail        |    51 |    65 |       |       |       |       ||   116
       Plate armour      |       |     1 |    83 |   203 |       |   302 ||   589
       Chain mail        |       |       |       |    93 |   175 |    68 ||   336
Dodge: Dodged            |    36 |    58 |    66 |   261 |   186 |   503 ||  1110
Block: Kite shield       |    74 |   129 |   101 |   443 |   270 |   715 ||  1732

Table legend:
 A = Non-vault XP
 B = Vault XP
 C = Vault XP percentage of total XP
 D = Non-vault monster count
 E = Vault monster count
 F = Vault count percentage of total count
                 A         B        C        D         E       F
            +---------+---------+-------+---------+---------+-------
      Total |   92925 |   39348 |  29.7 |     575 |     174 |  23.2
            +---------+---------+-------+---------+---------+-------
        D:1 |      43 |      10 |  18.9 |      27 |      10 |  27.0
        D:2 |     130 |      35 |  21.2 |      24 |       1 |   4.0
        D:3 |     142 |       1 |   0.7 |      15 |       1 |   6.2
        D:4 |     139 |       4 |   2.8 |      12 |       1 |   7.7
        D:5 |     868 |     318 |  26.8 |      36 |       3 |   7.7
        D:6 |     829 |     348 |  29.6 |      19 |      10 |  34.5
        D:7 |     357 |     962 |  72.9 |      14 |       5 |  26.3
        D:8 |     804 |       0 |   0.0 |      18 |       0 |   0.0
        D:9 |    2314 |    1748 |  43.0 |      33 |      15 |  31.2
       D:10 |    2168 |     533 |  19.7 |      23 |      35 |  60.3
       D:11 |    2323 |    2390 |  50.7 |      28 |       1 |   3.4
       D:12 |    8030 |       0 |   0.0 |      39 |       0 |   0.0
       D:13 |    4310 |    2279 |  34.6 |      24 |       7 |  22.6
       D:14 |    9714 |    6023 |  38.3 |      36 |      16 |  30.8
       D:15 |   18803 |    9253 |  33.0 |      50 |      12 |  19.4
     Lair:1 |    3290 |    1044 |  24.1 |      17 |       7 |  29.2
     Lair:2 |    3398 |    1441 |  29.8 |      15 |       4 |  21.1
     Lair:3 |    3201 |     562 |  14.9 |      17 |       2 |  10.5
     Lair:4 |    1967 |    1422 |  42.0 |       8 |       4 |  33.3
     Lair:5 |    3195 |    1305 |  29.0 |      14 |      14 |  50.0
     Lair:6 |   18469 |    9038 |  32.9 |      50 |      18 |  26.5
      Orc:1 |    4228 |       0 |   0.0 |      27 |       0 |   0.0
      Orc:2 |    4203 |     632 |  13.1 |      29 |       8 |  21.6
            +---------+---------+-------+---------+---------+-------
